 Seeded DCSS version 0.30.1-9-gdf580d7c3d (webtiles) character file.

Game seed: 7229806256980976716 (custom seed)

4 Psyclone the Digger (level 2, 20/20 HPs)
             Began as a Meteoran Earth Elementalist on Oct 16, 2023.
             Quit the game on level 1 of the Dungeon.
             The game lasted 00:00:36 (201 turns).

Psyclone the Digger (Meteoran Earth Elementalist)    Turns: 201, Time: 00:00:37

Health: 20/20      AC:  4    Str:  9    XL:     2   Next: 0%
Magic:  6/6        EV: 12    Int: 16    God:
Gold:   3792       SH:  0    Dex: 14    Spells: 5/6 levels left

rFire   . . .        (no weapon)
rCold   . . .        (no shield)
rNeg    . . .        a - +0 robe
rPois   .            (no helmet)
rElec   .            (no cloak)
rCorr   .            (no gloves)
SInv    .            (no boots)
Will    .....        (no amulet)
Stlth   +            (no ring)
HPRegen 0.23/turn    (no ring)
MPRegen 0.10/turn

%: no passive effects
@: glowing
A: sense surroundings 1, otherworldly, glowing, explore regen, iridescent scales
1, evolution 2, MP-powered wands
a: no special abilities


You were on level 1 of the Dungeon.
You visited 1 branch of the dungeon, and saw 1 of its levels.

You collected 3792 gold pieces.

Inventory:

Missiles
 d - a throwing net {!f}
Armour
 a - a +0 robe (worn)
Scrolls
 c - 2 scrolls of amnesia {unknown}
 e - a scroll of identify {unknown}
 f - a scroll of blinking {unknown}
Potions
 b - a potion of magic


   Skills:
 - Level 2.4 Dodging
 - Level 1.4 Stealth
 * Level 2.9 Spellcasting
 + Level 1.4 Transmutations
 * Level 3.8 Earth Magic


You had 5 spell levels left.
You knew the following spells:

 Your Spells              Type           Power      Damage    Failure   Level
a - Sandblast             Erth           28%        2d8       4%          1

Your spell library contained the following spells:

 Spells                   Type           Power      Damage    Failure   Level
 Passwall                 Tmut/Erth      8%         N/A       10%         2
 Stone Arrow              Conj/Erth      16%        3d8       26%         3
 Petrify                  Tmut/Erth      10%        N/A       54%         4


Dungeon Overview and Level Annotations

Branches:
Dungeon (1/15) Zot: 397

Altars:


Innate Abilities, Weirdness & Mutations

You passively map a small area around you.
You are easily found by Zot.
You glow in the dark.
You regain HP and MP as you explore.
You are partially covered in iridescent scales. (AC +2)
You have great hidden genetic potential.
You expend magic power (3 MP) to strengthen your wands.


Message History

Found a scroll labelled ISYPAI JAGUE.
A bat comes into view.
Found a hand axe.
Casting: Sandblast (safe; 4% risk of failure)
Confirm with . or Enter, or press ? or * to list all spells.
Aiming: Sandblast (safe; 4% risk of failure)
Press: ? - help, Shift-Dir - straight line, f - bat
Aim: a bat (73% to hit)
The blast of sand hits the bat!
You kill the bat!
You now have 4/5 mp.
e - a scroll labelled ISYPAI JAGUE
Found a scroll labelled FOEGIP WYTRA.
A frilled lizard comes into view.
Found a bubbling black potion.
The frilled lizard hisses angrily.
Casting: Sandblast (safe; 4% risk of failure)
Confirm with . or Enter, or press ? or * to list all spells.
Aiming: Sandblast (safe; 4% risk of failure)
Press: ? - help, Shift-Dir - straight line, f - frilled lizard
Aim: a frilled lizard (70% to hit)
The blast of sand hits the frilled lizard!
You kill the frilled lizard!
You have reached level 2!
Health restored: 20 You now have 3/6 mp.
Found an escape hatch in the floor.
f - a scroll labelled FOEGIP WYTRA
Found a robe.
g - a bubbling black potion MP restored: 6 It was a potion of mutation.
You feel extremely strange.
Iridescent scales grow over part of your body.
You feel your magical essence link to the dungeon's wands.
You feel a hidden potential growing inside you.
Your hidden genetic potential grows.
Found 5 stones.
Unknown command.
Unknown command.
Are you sure you want to abandon this character and quit the game? (Confirm with "yes".)

#.#.## # , ,, ,*
#.#.. ..
###.#.###*.# , ##
#.......#*.# , .. #
#.....##.# #.
#.#........# #.
##.#.....#).#
#.#####......†.....
* *
#.@....###...###.##
#.#.##..#.#.## #.#
#.#.##.#.##.# #.#
** #.#.##.#.##>#
#.## *,
,..#.#....##.# #...
, ......#..# .#
#### , .....#....#
.# * * .###.##.#.#
.# * # ..... *


There were no monsters in sight!

Vanquished Creatures
  A bat (D:1)
  A hobgoblin (D:1)
  A quokka (D:1)
  A frilled lizard (D:1)
4 creatures vanquished.

Notes
Turn   | Place    | Note
-------+----------+-------------------------------------------
     0 | D:1      | Psyclone the Meteoran Earth Elementalist began the quest
                  | for the Orb.
     0 | D:1      | Reached XP level 1. HP: 14/14 MP: 5/5
    64 | D:1      | Identified 3 scrolls of acquirement
    64 | D:1      | Acquired 1248 gold pieces
    65 | D:1      | Acquired 1275 gold pieces
    88 | D:1      | Acquired 1252 gold pieces
   159 | D:1      | Reached XP level 2. HP: 20/20 MP: 3/6
   193 | D:1      | Gained mutation: You are partially covered in iridescent
                  | scales. (AC +2) [potion of mutation]
   193 | D:1      | Gained mutation: You expend magic power (3 MP) to
                  | strengthen your wands. [potion of mutation]
   193 | D:1      | Gained mutation: You have hidden genetic potential. [potion
                  | of mutation]
   193 | D:1      | Gained mutation: You have great hidden genetic potential.
                  | [potion of mutation]
   201 | D:1      | Quit the game

Illustrated notes

Levels and vault maps discovered:
D:1:      spicycebolla_arrival_ecumenical, layout_loops_ring

Action                     || total
---------------------------++-------
   Cast: Sandblast         ||     4
    Use: Scroll            ||     3
         Potion            ||     1
